cohdb
Replays
Latest Replays
All Replays
Popular Replays
Top Player Replays
Match Explorer
How It Works
Community
CoH3 Stats
Reddit
Sign in to upload your games and track your stats! →
Sign in with Steam
Match 45995323
Unlisted
Match 45995323
Overview
Messages
Build Orders
End
Scout Squad
Construct Weapon Support Center
Selects Airborne Battlegroup
Selects Pathfinders
M1919 Machine Gun Team
M1919 Machine Gun Team
Infantry Support Center
Selects Paratrooper Squad Paradrop
Construct Medical Station
Paratrooper Squad Paradrop
M3 Armored Personnel Carrier
Engineer Squad
Ra11
HulkSMASH
Dunkerque
NEP_wilson_NEP
0
0
Comments
sign in to comment!
No comments posted yet!